 Dungeon Crawl Stone Soup version 0.28-a0-925-gd5e1996cdb (webtiles) character file.

Game seed: 1759068807520543377

21 gigimoi the Ducker (level 2, -2/14 HPs)
             Began as a Felid Berserker on Nov 26, 2021.
             Was a Follower of Trog.
             Slain by a gnoll (4 damage)
             ... on level 1 of the Dungeon.
             The game lasted 00:01:22 (857 turns).

gigimoi the Ducker (Felid Berserker)                 Turns: 857, Time: 00:01:23

Health: -2/14      AC:  1    Str: 13    XL:     2   Next: 62%
Magic:  3/3        EV: 18    Int:  8    God:    Trog [*.....]
Gold:   8          SH:  0    Dex: 15    Spells: 1/1 levels left
                                        Lives:  0   Deaths: 0

rFire   . . .      SeeInvis +     - Unarmed
rCold   . . .      Faith    .   (shield unavailable)
rNeg    . . .      Spirit   .   (armour unavailable)
rPois   .          Reflect  .   (helmet unavailable)
rElec   .          Harm     .   (cloak unavailable)
rCorr   .          Rampage  .   (gloves unavailable)
Will    .....                   (boots unavailable)
Stlth   ++........              (no amulet)
HPRegen 0.04/turn               e - ring of wizardry
MPRegen 0.08/turn               (no ring)

@: quick
A: very small, claws 1, fangs 3, see invisible, speed 1, shaggy fur 1, stealthy
paws, no weapons or thrown items, no armour, multi-lived
a: Renounce Religion, Berserk


You were on level 1 of the Dungeon.
You worshipped Trog.
Trog was aware of your devotion.
You visited 1 branch of the dungeon, and saw 1 of its levels.

You collected 8 gold pieces.

Inventory:

Jewellery
 e - a ring of wizardry (left paw)
Scrolls
 a - a scroll of blinking {unknown}
 d - a scroll of teleportation {unknown}
 g - a scroll of identify {unknown}
Potions
 b - a potion of brilliance {unknown}
 c - a potion of curing {unknown}
 f - a potion of might {unknown}


   Skills:
 * Level 3.2 Fighting
 * Level 4.3 Dodging
 * Level 1.6 Stealth
 * Level 3.2 Unarmed Combat


You had one spell level left.
You didn't know any spells.
Your spell library was empty.

Dungeon Overview and Level Annotations

Branches:
Dungeon (1/15)

Altars:


Innate Abilities, Weirdness & Mutations

You have sharp claws.
You have razor-sharp teeth.
You have supernaturally acute eyesight. (SInv)
You cover ground quickly. (Speed+)
You are covered in fur. (AC +1)
Your paws help you pounce on unaware monsters.
You are incapable of wielding weapons or throwing items.
You cannot wear armour.
You gain extra lives every three experience levels.


Message History

The rat is moderately wounded.
The rat bites you.
You barely miss the rat.
The rat is moderately wounded.
The rat barely misses you.
A rat is nearby!
You scratch the rat.
You kill the rat!
Trog accepts your kill.
You open the door.
There is an open door here.
You open the door.
There is an open door here.
You open the door.
There is an open door here.
You see here a +0 whip.
A frilled lizard and a gnoll come into view.
The gnoll is wielding a +1 spear of flaming.
The frilled lizard hisses angrily.
The gnoll shouts!
The gnoll hits you with a +1 spear of flaming!
Ouch! That really hurt!
The gnoll burns you.
You scratch the gnoll but do no damage. Your bite misses the gnoll.
The gnoll misses you.
You scratch the gnoll. You bite the gnoll.
The gnoll is heavily wounded.
The gnoll barely misses you.
You scratch the gnoll.
The gnoll is severely wounded.
The gnoll misses you.
You scratch the gnoll.
The gnoll is almost dead.
The gnoll hits you with a +1 spear of flaming.
* * * LOW HITPOINT WARNING * * *
The gnoll burns you.
* * * LOW HITPOINT WARNING * * *
You barely miss the gnoll.
The gnoll is almost dead.
The gnoll hits you with a +1 spear of flaming.
You die...

#.# #........#
#....##.##.......
..# #........#
#....##.##.......
### #........#
#................
#........#
##...............
#........#
###.#)#.#....#..
#####.####
#.#)...#####..
#######...########
#.#.#..# #..
.)...............#
#.#....# #..
.#.....#....####@#
#.#....## #..
.##...##....# #g#
#.#.....####..
.###.###....# #l#
#.#...........
#.##.##.###.# #.#
#.#####..####.
##.#.#.###..# #.#
#.............
###.#.###...## #.#
###......####.
...#<#.......# #.#
#.......#
###.#.###....###.#
#.......#
##.#.#.###....##.#
#.......##


You could see a gnoll and a frilled lizard.

Vanquished Creatures
  2 bats (D:1)
  2 endoplasms (D:1)
  A giant cockroach (D:1)
  2 goblins (D:1)
  2 hobgoblins (D:1)
  4 kobolds (D:1)
  2 ball pythons (D:1)
  A frilled lizard (D:1)
  A rat (D:1)
17 creatures vanquished.

Notes
Turn   | Place    | Note
-------+----------+-------------------------------------------
     0 | D:1      | gigimoi the Felid Berserker began the quest for the Orb.
     0 | D:1      | Reached XP level 1. HP: 10/10 MP: 2/2
   246 | D:1      | Reached skill level 1 in Stealth
   292 | D:1      | Reached XP level 2. HP: 14/14 MP: 3/3
   857 | D:1      | Slain by a gnoll

Illustrated notes

Levels and vault maps discovered:
D:1:      roderic_crossed_star, layout_basic

Skill      XL: |  1 |
---------------+----+-----
Stealth        | 1 |  1.6
Fighting       | |  3.2
Dodging        | |  4.3
Unarmed Combat | |  3.2

Action                   || total
-------------------------++-------
Melee: Unarmed           ||    40
       Bite              ||     4
 Stab: Sleeping          ||     2
Armor: Skin              ||     1
Dodge: Dodged            ||    28

Table legend: (Time is in decaauts)
 A = Elapsed time spent in this place.
 B = Non-inter-level travel time spent in this place.
 C = Inter-level travel time spent in this place.
 D = Time resting spent in this place.
 E = Time spent auto-exploring this place.
 F = Levels seen in this place.
 G = Mean time per level.
                   A        B        C        D        E       F      G
               +--------+--------+--------+--------+--------+-----+--------+
         Total |    780 |    766 |     14 |      0 |    657 |   1 |  780.0 |
       Dungeon |    780 |    766 |     14 |      0 |    657 |   1 |  780.0 |
               +--------+--------+--------+--------+--------+-----+--------+

Top non-repeatable levels by time:
     D:1: 780 daAuts
